Match 44994805
Unlisted

Match 44994805
End
Selects Airborne Battlegroup
Selects Heavy Machine Gun Paradrop
Heavy Machine Gun Paradrop
Construct Weapon Support Center
Bazooka Squad
Heavy Machine Gun Paradrop
Heavy Machine Gun Paradrop
Selects Paratrooper Squad Paradrop
Paratrooper Squad Paradrop
Paratrooper Squad Paradrop
Construct Medical Station
Air Support Center
Grasshopper Recon Run
Advanced Air Reconnaissance
Selects Anti-tank Gun Team Paradrop
Engineer Squad
Grasshopper High-Altitude Recon Run
Heavy Machine Gun Paradrop
Anti-tank Gun Team Paradrop
P-47 Strafing Run
Selects Smoke Bombing Run
Grasshopper High-Altitude Recon Run
Selects Supply Drop
Supply Drop
Paratrooper Squad Paradrop
Smoke Bombing Run
P-47 Strafing Run
Grasshopper High-Altitude Recon Run
.30 cal Machine Gun
Supply Drop
Grasshopper High-Altitude Recon Run
P-47 Dive Bomb
Supply Drop
Grasshopper High-Altitude Recon Run
P-47 Dive Bomb
P-47 Strafing Run
Anti-tank Gun Team Paradrop
Selects Dual P-47 Rocket Strike
Supply Drop
Grasshopper High-Altitude Recon Run
Double Sortie
Improved Aircraft Armor
Air Supremacy
Smoke Bombing Run
.30 cal Machine Gun
Supply Drop
P-47 Dive Bomb
Grasshopper High-Altitude Recon Run
P-47 Strafing Run
Anti-tank Gun Team Paradrop
P-47 Strafing Run
Grasshopper High-Altitude Recon Run
P-47 Dive Bomb
Paratrooper Squad Paradrop
Heavy Machine Gun Paradrop
Supply Drop
Smoke Bombing Run
Grasshopper High-Altitude Recon Run
Pickapoop
thecrazycowboygeneral
wudeer3
PIGEONS ARE FBI DRONES
Bananenratte
Nico-Nico-Nii~~
0
0

Comments sign in to comment!

No comments posted yet!